 Dungeon Crawl Stone Soup version 0.28-a0-79-g444c7a33f5 (webtiles) character file.

Game seed: 5997421188054103814

9609 mcsnuffy the Thaumaturge (level 11, -2/64 HPs)
             Began as a Deep Elf Conjurer on Aug 3, 2021.
             Was a Believer of Sif Muna.
             Killed from afar by Fannar (21 damage)
             ... with a bolt of cold
             ... on level 1 of the Lair of Beasts.
             The game lasted 00:50:34 (13525 turns).

mcsnuffy the Thaumaturge (Deep Elf Conjurer)       Turns: 13525, Time: 00:50:34

Health: -2/64      AC:  6    Str: 11    XL:     11   Next: 25%
Magic:  1/27       EV: 14    Int: 26    God:    Sif Muna [**....]
Gold:   569        SH:  0    Dex: 19    Spells: 8/30 levels left

rFire   . . .      SeeInvis .   A - +2 whip (elec)
rCold   . . .      Faith    .   (no shield)
rNeg    . . .      Spirit   .   E - +0 ring mail {rPois}
rPois   +          Reflect  .   (no helmet)
rElec   .          Harm     .   (no cloak)
rCorr   .          Rampage  .   (no gloves)
Will    +....                   p - +0 pair of boots
Stlth   ++........              (no amulet)
HPRegen 0.20/turn               D - +6 ring of dexterity
MPRegen 0.20/turn               S - +6 ring of strength

@: very slightly contaminated, invisible
A: no striking features
a: Renounce Religion, Channel Magic


You were on level 1 of the Lair of Beasts.
You worshipped Sif Muna.
Sif Muna was pleased with you.
You visited 2 branches of the dungeon, and saw 11 of its levels.

You collected 569 gold pieces.


   Skills:
 - Level 6.0 Fighting
 - Level 8.0 Dodging
 - Level 4.0 Stealth
 - Level 10.0 Spellcasting
 + Level 7.8 Conjurations
 - Level 7.0 Hexes
 - Level 9.0 Necromancy
 + Level 4.5 Fire Magic
 + Level 4.5 Earth Magic
 + Level 2.0 Evocations


You had 8 spell levels left.
You knew the following spells:

 Your Spells              Type           Power      Damage    Failure   Level
a - Animate Skeleton      Necr           100%       N/A       1%          1
b - Bolt of Magma         Conj/Fire/Erth 21%        4d11      30%         5
f - Fulminant Prism       Conj/Hex       25%        3d14      5%          4
m - Magic Dart            Conj           100%       1d8       1%          1
s - Searing Ray           Conj           100%       3d7       1%          2
v - Vampiric Draining     Necr           28%        2d10      1%          3
w - Slow                  Hex            49%        N/A       1%          2
X - Iskenderun's Mystic   Conj/Tloc      33%        2d8       22%         4

Your spell library contained the following spells:

 Spells                   Type           Power      Damage    Failure   Level
 Pain                     Necr           100%       1d9       1%          1
 Confusing Touch          Hex            49%        N/A       1%          3
 Dazzling Flash           Conj/Hex       100%       N/A       1%          3
 Ensorcelled Hibernation  Hex/Ice        62%        N/A       4%          2
 Portal Projectile        Hex/Tloc       62%        N/A       8%          3
 Leda's Liquefaction      Hex/Erth       21%        N/A       11%         4
 Mephitic Cloud           Conj/Pois/Air  26%        N/A       12%         3
 Call Imp                 Summ           13%        N/A       17%         2
 Ignite Poison            Fire/Tmut/Pois 20%        N/A       19%         3
 Call Canine Familiar     Summ           13%        N/A       32%         3
 Ozocubu's Armour         Ice            13%        N/A       32%         3
 Spider Form              Tmut/Pois      6%         N/A       32%         3
 Shadow Creatures         Summ           N/A        N/A       100%        6
 Ozocubu's Refrigeration  Ice            6%         4d6       100%        7

Inventory:

Hand Weapons
 b - a +0 dagger
 f - a +0 spear
 j - a +4 spear
 A - a +2 whip of electrocution (weapon)
Missiles
 o - 2 throwing nets {=f}
Armour
 a - a +0 robe
 p - a +0 pair of boots (worn)
 E - a +0 ring mail of poison resistance (worn)
Magical Staves
 h - a staff of fire {!a}
Jewellery
 d - an amulet of faith {!P}
 n - a ring of positive energy
 D - a +6 ring of dexterity (left hand)
 N - a ring of positive energy
 R - a ring of resist corrosion
 S - a +6 ring of strength (right hand)
Wands
 u - a wand of mindburst (27)
 x - a wand of acid (8)
 y - a wand of polymorph (8)
 H - a wand of charming (9)
Scrolls
 c - 4 scrolls of noise
 g - 7 scrolls of teleportation {@r2}
 i - 3 scrolls of summoning
 m - 2 scrolls of vulnerability
 r - 2 scrolls of enchant weapon
 s - 2 scrolls of immolation {unknown}
 t - a scroll of fear {unknown}
 w - 2 scrolls of enchant armour
 C - a scroll of silence {unknown}
 F - 2 scrolls of holy word
 I - a scroll of magic mapping {unknown}
Potions
 e - a potion of cancellation {unknown}
 k - a potion of ambrosia
 q - 3 potions of curing {@q1}
 v - 2 potions of lignification
 z - a potion of attraction {unknown}
 B - a potion of degeneration {unknown}
 G - a potion of brilliance {unknown}

Dungeon Overview and Level Annotations

Branches:
Dungeon (10/15)            Temple (0/1) D:7            Lair (1/6) D:8
    Orc (0/2) D:9

Altars:
Elyvilon
Hepliaklqana
Makhleb
Nemelex Xobeh
Sif Muna
Uskayaw
The Shining One

Shops:
D:1 !

Annotations:
D:4 Grinder
Lair:1 Fannar

..... #
.#.#.#.### #
##
.........#
#P..
.#.#.#.#.#
.... .
###..# #.##
..P.##.#e.#
....
.........##
...e
########.#
... #P@# .
#####.#
##P###.# #
#......#
##.##
#..#.###
#....##..###
#.....#
#.##...#
#...#


You could see Fannar.


Message History

Your fulminant prism is frozen.
You hear a loud crackle.
Your fulminant prism explodes!
The blast of energy engulfs Fannar!!
Fannar is severely wounded.
You hear a bellow!
Casting: Fulminant Prism (dangerous; 5% risk of failure)
Confirm with . or Enter, or press ? or * to list all spells.
Aiming: Fulminant Prism (dangerous; 5% risk of failure)
Press: ? - help, Dir - move target You miscast Fulminant Prism.
You are very lightly contaminated with residual magic.
Nothing appears to happen.
Fannar mumbles some strange words.
Fannar drains the heat from the surrounding environment!
* * * LOW HITPOINT WARNING * * *
Casting: Fulminant Prism (dangerous; 5% risk of failure)
Confirm with . or Enter, or press ? or * to list all spells.
Aiming: Fulminant Prism (dangerous; 5% risk of failure)
Press: ? - help, Dir - move target You conjure a prism of explosive energy!
A fulminant prism comes into view.
Fannar hits your fulminant prism with a +0 quarterstaff of freezing!
Fannar hits your fulminant prism with a +0 quarterstaff of freezing!
Fannar freezes your fulminant prism.
Your fulminant prism detonates feebly.
You fade into invisibility!
Fannar gestures at you while chanting. The bolt of cold hits you!!
You die...

Skill      XL: |  1  2  3  4  5  6  7  8  9 10 11 |
---------------+----------------------------------+-----
Conjurations   | 5 7 |  7.8
Stealth        | 3 4 |  4.0
Fighting       | 1 2 5 6 |  6.0
Dodging        | 3 4 6 8 |  8.0
Spellcasting   | 5 8 10 | 10.0
Necromancy     | 2 4 6 7 9 |  9.0
Hexes          | 3 5 7 |  7.0
Fire Magic     | 3 4 |  4.5
Earth Magic    | 3 4 |  4.5
Evocations     | 2 |  2.0

Action                   |  1- 3 |  4- 6 |  7- 9 | 10-12 || total
-------------------------+-------+-------+-------+-------++-------
Melee: Dagger            |    10 |    13 |    11 |       ||    34
       Spear             |       |       |       |     7 ||     7
       Whip              |       |       |       |     3 ||     3
 Cast: Magic Dart        |    88 |   133 |   152 |    74 ||   447
       Searing Ray       |     1 |     4 |    26 |    32 ||    63
       Animate Skeleton  |       |     9 |    23 |    22 ||    54
       Slow              |       |       |     5 |     3 ||     8
       Fulminant Prism   |       |       |     5 |    15 ||    20
       Vampiric Draining |       |       |     2 |     3 ||     5
       Iskenderun's Myst |       |       |       |     1 ||     1
Evoke: Wand              |       |       |       |     2 ||     2
  Use: Potion            |       |     2 |     3 |     1 ||     6
       Scroll            |       |       |     3 |     7 ||    10
 Stab: Sleeping          |     1 |     1 |     1 |       ||     3
Armor: Robe              |     3 |     3 |     8 |     3 ||    17
       Ring mail         |       |       |       |    15 ||    15
Dodge: Dodged            |    11 |    23 |    39 |    53 ||   126

Levels and vault maps discovered:
D:1:      mrwooster_arrival_arrow, layout_loops_ring, serial_shops, shop
D:2:      layout_basic, kennysheep_nondescript, lemuel_old_faithful
D:3:      layout_loops_cross, mainiacjoe_overflow_alcove_4, minitemple,
          chequers_ecumenical_altar_simple
D:4:      layout_rooms, uniq_grinder
D:5:      layout_loops_ring, lemuel_crystal_altar
D:6:      layout_basic, nemelex_xobeh_ov_fountains_minmay,
          ebering_ghost_reflecting_pool, kennysheep_generic_room_14
D:7:      layout_layer_cave, minmay_temple_entry_ruins, kennysheep_small_circle
D:8:      layout_loops_ring, due_lair_maze_entry_diamond
D:9:      layout_loops_cross, amcnicky_altar_gilded,
          nicolae_hepliaklqana_monster_ancestors, orc_0_dummy,
          hangedman_decor_riveting, uniq_pikel
D:10:     layout_stronghold
Lair:1:   layout_loops_ring, minmay_stone_trees_small, serial_bayou_pond_b,
          st_stairs_9, cheibrodos_lair_lostbears, grunt_megastairs_3,
          uniq_fannar

Notes
Turn   | Place    | Note
-------+----------+-------------------------------------------
     0 | D:1      | mcsnuffy the Deep Elf Conjurer began the quest for the Orb.
     0 | D:1      | Reached XP level 1. HP: 10/10 MP: 6/6
    24 | D:1      | Found Xocom's Distillery.
   222 | D:1      | Reached XP level 2. HP: 15/15 MP: 6/8
   272 | D:1      | Reached skill level 5 in Conjurations
   364 | D:1      | Reached skill level 3 in Stealth
   695 | D:1      | Reached XP level 3. HP: 19/19 MP: 6/9
   947 | D:1      | Learned a level 2 spell: Searing Ray
   949 | D:1      | Learned a level 1 spell: Animate Skeleton
   953 | D:1      | Learned a level 3 spell: Vampiric Draining
  1157 | D:2      | Reached skill level 4 in Stealth
  1460 | D:2      | Reached skill level 1 in Fighting
  1559 | D:2      | Reached XP level 4. HP: 24/25 MP: 6/10
  1861 | D:2      | Reached skill level 2 in Fighting
  1861 | D:2      | Reached skill level 3 in Dodging
  2216 | D:3      | Reached XP level 5. HP: 30/30 MP: 9/11
  2413 | D:3      | Reached skill level 4 in Dodging
  2495 | D:3      | Reached skill level 4 in Spellcasting
  2705 | D:3      | Reached skill level 5 in Spellcasting
  2705 | D:3      | Reached skill level 2 in Necromancy
  2705 | D:3      | Reached XP level 6. HP: 28/35 MP: 5/15
  2848 | D:3      | Found a hide-covered altar of Uskayaw.
  3002 | D:3      | Found a faded altar of an unknown god.
  3007 | D:3      | Reached skill level 3 in Necromancy
  3058 | D:3      | Learned a level 4 spell: Fulminant Prism
  3128 | D:3      | Found a glowing golden altar of the Shining One.
  3132 | D:3      | Found a white marble altar of Elyvilon.
  3282 | D:4      | Reached skill level 1 in Hexes
  3324 | D:4      | Reached skill level 2 in Hexes
  3507 | D:4      | Reached skill level 4 in Necromancy
  3634 | D:4      | Reached skill level 3 in Hexes
  3644 | D:4      | Reached XP level 7. HP: 28/40 MP: 2/16
  3776 | D:4      | Learned a level 2 spell: Slow
  3947 | D:4      | Noticed Grinder
  4012 | D:5      | Entered Level 5 of the Dungeon
  4122 | D:5      | Found a shimmering blue altar of Sif Muna.
  4132 | D:5      | Reached skill level 4 in Hexes
  4141 | D:5      | Reached skill level 5 in Necromancy
  4259 | D:5      | Reached skill level 5 in Hexes
  4600 | D:5      | Reached skill level 6 in Necromancy
  5172 | D:6      | Reached XP level 8. HP: 37/44 MP: 7/17
  5185 | D:6      | Reached skill level 7 in Necromancy
  5705 | D:6      | Found a sparkling altar of Nemelex Xobeh.
  5818 | D:5      | Became a worshipper of Sif Muna the Loreminder
  5919 | D:6      | Reached skill level 6 in Spellcasting
  6086 | D:6      | Found a runed translucent door.
  6096 | D:6      | Noticed Spaninq's ghost (novice TrWr)
  6145 | D:6      | Killed Spaninq's ghost
  6146 | D:6      | Reached skill level 8 in Spellcasting
  6146 | D:6      | Reached skill level 7 in Hexes
  6760 | D:7      | Reached skill level 5 in Dodging
  7081 | D:7      | Found a staircase to the Ecumenical Temple.
  7099 | D:7      | Reached skill level 6 in Dodging
  7257 | D:7      | Reached XP level 9. HP: 36/48 MP: 15/23
  7533 | D:7      | Reached skill level 7 in Dodging
  7740 | D:7      | Reached skill level 8 in Dodging
  8776 | D:8      | Noticed a two-headed ogre
  8790 | D:8      | Killed a two-headed ogre
  8791 | D:8      | Reached skill level 3 in Fighting
  8791 | D:8      | Reached skill level 6 in Conjurations
  8927 | D:8      | Reached * piety under Sif Muna
  8928 | D:8      | Reached skill level 4 in Fighting
  8928 | D:8      | Reached skill level 7 in Conjurations
  8935 | D:8      | Reached skill level 5 in Fighting
  8935 | D:8      | Reached XP level 10. HP: 13/59 MP: 5/24
  8935 | D:8      | HP: 3/59 [orc warrior (5)]
  9376 | D:8      | Reached skill level 6 in Fighting
  9396 | D:8      | Reached skill level 8 in Necromancy
  9862 | D:8      | Found a staircase to the Lair.
  9975 | D:8      | Learned a level 4 spell: Iskenderun's Mystic Blast
 10436 | D:9      | Reached skill level 9 in Necromancy
 10442 | D:9      | Reached skill level 9 in Spellcasting
 10667 | D:9      | Found a burning altar of Makhleb.
 10781 | D:9      | Reached skill level 10 in Spellcasting
 10800 | D:9      | Learned a level 5 spell: Bolt of Magma
 10805 | D:9      | Noticed Pikel
 10810 | D:9      | Found a staircase to the Orcish Mines.
 10888 | D:9      | Killed Pikel
 10889 | D:9      | Reached skill level 2 in Fire Magic
 10889 | D:9      | Reached skill level 2 in Earth Magic
 11143 | D:9      | Reached ** piety under Sif Muna
 11265 | D:9      | Reached skill level 3 in Fire Magic
 11265 | D:9      | Reached skill level 3 in Earth Magic
 11471 | D:9      | Found a hazy altar of Hepliaklqana.
 11662 | D:10     | Entered Level 10 of the Dungeon
 12391 | D:10     | Noticed a boulder beetle
 12537 | Lair:1   | Entered Level 1 of the Lair of Beasts
 12599 | Lair:1   | Reached XP level 11. HP: 35/64 MP: 13/27
 12773 | Lair:1   | Noticed Fannar
 13081 | Lair:1   | Reached skill level 4 in Fire Magic
 13081 | Lair:1   | Reached skill level 4 in Earth Magic
 13285 | Lair:1   | Reached skill level 1 in Evocations
 13517 | Lair:1   | Reached skill level 2 in Evocations
 13525 | Lair:1   | Killed from afar by Fannar

Vanquished Creatures
  A two-headed ogre (D:8)
  The ghost of Spaninq the Basher, a novice TrWr of Trog (D:6)
  Pikel (D:9)
  A cane toad (Lair:1)
  A rime drake (Lair:1)
  A komodo dragon (D:8)
  A troll (D:9)
  3 polar bears (Lair:1)
  5 yaks
  2 wyverns
  A basilisk (Lair:1)
  An acid dragon (D:8)
  5 water moccasins
  A sky beast (D:7)
  5 orc warriors
  A necrophage (D:4)
  5 black bears
  An ogre (D:5)
  6 centaurs
  A kobold brigand (D:3)
  2 scorpions
  11 bullfrogs
  A water moccasin skeleton (D:7)
  6 killer bees (D:9)
  5 wights (D:7)
  A bullfrog zombie (D:5)
  2 howler monkeys
  3 centaur zombies
  3 hounds
  A jelly (D:5)
  8 orc priests
  2 centaur skeletons
  An iguana (D:6)
  12 orc wizards
  A hound skeleton (D:5)
  2 howler monkey zombies (D:8)
  9 gnolls
  9 adders
  A shadow imp (D:6)
  An ufetubus (D:6)
  An adder skeleton (D:3)
  A worm (D:3)
  3 dart slugs
  31 orcs
  3 ball pythons
  7 endoplasms
  3 giant cockroaches
  10 hobgoblins
  6 jackals
  7 quokkas
  9 bats
  4 frilled lizards
  8 goblins
  14 kobolds
  3 rats
  A spectral kobold (D:9)
236 creatures vanquished.

Vanquished Creatures (collateral kills)
  A black bear (D:8)
  An orc wizard (D:6)
  4 orcs
  A jackal (D:4)
  2 ball pythons (D:4)
9 creatures vanquished.

Vanquished Creatures (others)
  20 fulminant prisms
  44 fungi
  51 plants
115 creatures vanquished.

Grand Total: 360 creatures vanquished

Table legend: (Time is in decaauts)
 A = Elapsed time spent in this place.
 B = Non-inter-level travel time spent in this place.
 C = Inter-level travel time spent in this place.
 D = Time resting spent in this place.
 E = Time spent auto-exploring this place.
 F = Levels seen in this place.
 G = Mean time per level.
                   A        B        C        D        E       F      G
               +--------+--------+--------+--------+--------+-----+--------+
         Total |  13585 |  13063 |    522 |   2244 |   8511 |  11 | 1235.0 |
       Dungeon |  12596 |  12074 |    522 |   1892 |   8115 |  10 | 1259.6 |
          Lair |    989 |    989 |      0 |    352 |    396 |   1 |  989.0 |
               +--------+--------+--------+--------+--------+-----+--------+

Top non-repeatable levels by time:
     D:7: 2202 daAuts
     D:6: 1552 daAuts
     D:8: 1476 daAuts
     D:9: 1357 daAuts
     D:3: 1290 daAuts
     D:1: 1239 daAuts
     D:5: 1157 daAuts
  Lair:1: 989 daAuts
    D:10: 815 daAuts
     D:2: 757 daAuts
     D:4: 746 daAuts

Table legend:
 A = Non-vault XP
 B = Vault XP
 C = Vault XP percentage of total XP
 D = Non-vault monster count
 E = Vault monster count
 F = Vault count percentage of total count
                 A         B        C        D         E       F
            +---------+---------+-------+---------+---------+-------
      Total |    9392 |    4336 |  31.6 |     222 |      23 |   9.4
            +---------+---------+-------+---------+---------+-------
        D:1 |      52 |       0 |   0.0 |      30 |       0 |   0.0
        D:2 |     112 |       0 |   0.0 |      26 |       0 |   0.0
        D:3 |     335 |       0 |   0.0 |      29 |       0 |   0.0
        D:4 |     282 |       0 |   0.0 |      29 |       0 |   0.0
        D:5 |     606 |       0 |   0.0 |      15 |       0 |   0.0
        D:6 |     340 |     777 |  69.6 |      18 |       3 |  14.3
        D:7 |    1125 |       0 |   0.0 |      19 |       0 |   0.0
        D:8 |    2273 |    1540 |  40.4 |      15 |      11 |  42.3
        D:9 |    2369 |     573 |  19.5 |      27 |       3 |  10.0
       D:10 |     166 |       0 |   0.0 |       2 |       0 |   0.0
     Lair:1 |    1732 |    1446 |  45.5 |      12 |       6 |  33.3
            +---------+---------+-------+---------+---------+-------
